 Dungeon Crawl Stone Soup version 0.30-a0-341-g682706514a (webtiles) character file.

Game seed: 131028256925613528

919 Zonian the Ducker (level 8, -9/75 HPs)
             Began as a Djinni Ice Elementalist on Nov 4, 2022.
             Killed by an exploding shadow (26 damage)
             ... ignited by their inner flame
             ... on level 5 of the Dungeon on Nov 5, 2022.
             The game lasted 00:11:19 (6291 turns).

Zonian the Ducker (Djinni Ice Elementalist)         Turns: 6291, Time: 00:11:20

Health: -9/75      AC: 24    Str:  4 (7)  XL:     8   Next: 31%
Gold:   347        EV:  2    Int: 17 (18) God:
                   SH:  0    Dex: 15

rFire   . . .      SeeInvis .    t - +2 dagger (venom)
rCold   . . .      Faith    .    (no shield)
rNeg    . . .      Spirit   .    (body armour currently unavailable)
rPois   ∞          Reflect  .    (helmet currently unavailable)
rElec   .          Harm     .    (cloak currently unavailable)
rCorr   .          Rampage  .    (gloves currently unavailable)
Will    .....      NoTele   +    (boots unavailable)
Stlth   +++.......               (no amulet)
HPRegen 1.12/turn                (no ring)
MPRegen 0.00/turn                (no ring)

@: tree-form
A: stationary, stasis, torment immunity, boosted hp, sickness immunity, (fire
resistance 3), (cold vulnerability 1), float, innate caster, HP casting, extra
vitality 1, (antennae 1), regeneration 1
a: no special abilities


You were on level 5 of the Dungeon.
You were a tree.
You visited 1 branch of the dungeon, and saw 5 of its levels.

You collected 347 gold pieces.

Inventory:

Hand Weapons
 b - a +0 whip
 e - a +2 dagger of pain
 l - a +0 vampiric spear
 m - a +0 sling
 p - a +0 dagger of speed
 t - a +2 dagger of venom (weapon)
 v - a +0 vorpal falchion
Missiles
 c - 16 poisoned darts
 k - 6 javelins
Armour
 a - a +0 robe (melded)
 r - a +1 helmet of intelligence (melded)
Scrolls
 d - a scroll of noise
 u - 2 scrolls of vulnerability
Potions
 i - 2 potions of flight
 q - a potion of attraction


   Skills:
 + Level 6.0 Dodging
 + Level 4.9 Stealth
 + Level 5.1 Spellcasting


You had one spell level left.
You knew the following spells:

 Your Spells              Type           Power      Damage    Failure   Level
a - Freeze                Ice            84%        1d9       1%          1
b - Frozen Ramparts       Ice            42%        1d7       4%          3
c - Ozocubu's Armour      Ice            21%        N/A       4%          3
d - Summon Ice Beast      Ice/Summ       21%        N/A       17%         4
e - Slow                  Hex            84%        N/A       1%          1
f - Passwall              Tmut/Erth      17%        N/A       2%          2
g - Momentum Strike       Conj/Tloc      42%        3d9       2%          2
Your spell library was empty.

Dungeon Overview and Level Annotations

Branches:
Dungeon (5/15)
 Temple: D:4-7

Altars:
Qazlal
Uskayaw


Innate Abilities, Weirdness & Mutations

You are a tree.
Your roots penetrate the ground, keeping you stationary.
You cannot be teleported.
You are immune to unholy pain and torment.
Your maximum health is greatly increased.
Your equipment is partially melded.
You are immune to sickness and miasma.
You are immune to poison.
((Your flesh is almost immune to the effects of heat. (rF+++)))
((You are vulnerable to cold. (rC-)))
You float through the air rather than walking.
You learn spells naturally, not from books.
Your magical power is your life essence.
You have superior vitality. (+4 MHP)
((You have a pair of small antennae on your head.))
Your natural rate of healing is unusually fast.


Message History

The shadow flickers and vanishes!
Deactivating autopickup; reactivate with Ctrl-A.
Unknown command.
You cannot move.
Unknown command.
You hit something but do no damage.
The shadow strikes at you from the darkness!
* * * LOW HITPOINT WARNING * * *
Reactivating autopickup.
Okay, then.
As you read the scroll labelled COBIC ECOSAEGE, it crumbles to dust.
The creatures around you are filled with an inner flame!
It was a scroll of immolation.
The shadow hits you.
As you read the scroll labelled OJIPPULURO, it crumbles to dust.
It is a scroll of enchant armour.
Your +0 helmet of intelligence glows green for a moment.
The shadow slips into darkness.
The shadow flickers and vanishes!
Deactivating autopickup; reactivate with Ctrl-A.
You cannot move.
You cannot move.
You cannot move.
You cannot move.
Casting: Freeze (safe; 1% risk of failure)
Confirm with . or Enter, or press ? or * to list all spells.
You don't know that spell.
You barely miss something.
The shadow strikes at you from the darkness!
* * * LOW HITPOINT WARNING * * *
Reactivating autopickup.
You hit the shadow.
Flame seeps out of the shadow.
The shadow is lightly damaged.
The shadow is engulfed in blazing flames.
Flame seeps out of the shadow.
The shadow hits you.
You hit the shadow but do no damage.
The shadow is severely damaged.
The shadow is engulfed in blazing flames.
The shadow explodes!
The fiery explosion engulfs you!!
You die...

#........#.# #. #..#..
#########.## #. #.. #. #.# #.
#..#.. #.# #. #.#... ###### #.#
#.##..... .....# #.# #........
####.# #.## ####.#### #.# #..#
#.# ##'## ##♣# ##{# ##...## #○#
#..# ##.....## ###§# #.##
#.......## ##.#.# ####..####
.........####....#######........#
.........'.....)......÷÷.)......)
.........###.....#.#####.##...#.#
#.......## #.#.#.#.# #.##...).#
##.....## #.###.#.# #.#####..#


There were no monsters in sight!

Vanquished Creatures
  A shadow (D:5)
  An orc warrior (D:5)
  An ice beast (D:4)
  A centaur (D:5)
  A phantom (D:5)
  3 scorpions
  A howler monkey (D:5)
  2 hounds
  An orc priest (D:5)
  A jelly (D:5)
  3 iguanas (D:5)
  An orc wizard (D:5)
  4 adders
  A shadow imp (D:5)
  3 worms
  5 dart slugs
  5 orcs
  5 ball pythons
  4 bats
  8 endoplasms
  5 giant cockroaches
  7 goblins
  3 hobgoblins
  8 jackals
  3 quokkas
  5 frilled lizards
  10 kobolds
  5 rats
98 creatures vanquished.

Notes
Turn   | Place    | Note
-------+----------+-------------------------------------------
     0 | D:1      | Zonian the Djinni Ice Elementalist began the quest for the
                  | Orb.
     0 | D:1      | Zonian set off with the following spells memorised: Freeze,
                  | Frozen Ramparts, Ozocubu's Armour, Summon Ice Beast.
     0 | D:1      | Reached XP level 1. HP: 15/15 MP: 0/0
    85 | D:1      | Reached XP level 2. HP: 19/21 MP: 0/0
   317 | D:1      | Reached XP level 3. HP: 24/25 MP: 0/0
   317 | D:1      | Learned a level 1 spell: Slow
   783 | D:2      | Reached skill level 3 in Dodging
   988 | D:2      | Noticed a black bear
  1118 | D:3      | Reached XP level 4. HP: 29/31 MP: 0/0
  1910 | D:2      | Reached XP level 5. HP: 31/35 MP: 0/0
  1910 | D:2      | Learned a level 2 spell: Passwall
  2696 | D:3      | Found a hide-covered altar of Uskayaw.
  3020 | D:4      | Noticed an ice beast
  3151 | D:4      | Found a stormy altar of Qazlal.
  3489 | D:4      | Killed an ice beast
  3490 | D:4      | Reached skill level 4 in Dodging
  3490 | D:4      | Reached XP level 6. HP: 31/40 MP: 0/0
  3818 | D:5      | Entered Level 5 of the Dungeon
  3818 | D:5      | Noticed an orc warrior
  3999 | D:5      | Reached XP level 7. HP: 23/45 MP: 0/0
  3999 | D:5      | Learned a level 2 spell: Momentum Strike
  4325 | D:5      | Reached skill level 5 in Dodging
  5495 | D:5      | Reached XP level 8. HP: 3/50 MP: 0/0
  5921 | D:5      | Reached skill level 5 in Spellcasting
  5989 | D:5      | Reached skill level 6 in Dodging
  6253 | D:5      | Noticed a shadow
  6279 | D:5      | Gained mutation: Your natural rate of healing is unusually
                  | fast. [potion of mutation]
  6279 | D:5      | Gained mutation: You have a pair of small antennae on your
                  | head. [potion of mutation]
  6279 | D:5      | Gained mutation: Your flesh is almost immune to the effects
                  | of heat. (rF+++) [potion of mutation]
  6291 | D:5      | Killed a shadow
  6291 | D:5      | Killed by an exploding shadow... ignited by their inner
                  | flame

Illustrated notes

Levels and vault maps discovered:
D:1:      spicycebolla_green_bress_n_ham_2, layout_basic
D:2:      layout_loops_ring
D:3:      layout_basic, marbit_many_paths, dk_noncrumbling_4,
          ebering_dispersal_statue_hall
D:4:      layout_basic, old_standard_altar, hangedman_decor_points
D:5:      cheibrodos_fzero, layout_loops_corners, temple_hall,
          ebering_ghost_gozag

Skill      XL: |  1  2  3  4  5  6  7  8 |
---------------+-------------------------+-----
Stealth        | 2 3 4 |  4.9
Dodging        | 3 4 5 6 |  6.0
Spellcasting   | 4 5 |  5.1

Action                   |  1- 3 |  4- 6 |  7- 9 || total
-------------------------+-------+-------+-------++-------
Melee: Whip              |     9 |       |       ||     9
       Dagger            |    19 |    61 |   161 ||   241
       Spear             |       |    35 |       ||    35
       Punch             |       |       |     4 ||     4
 Cast: Freeze            |    42 |    51 |     4 ||    97
       Ozocubu's Armour  |       |     1 |     1 ||     2
       Slow              |       |     1 |       ||     1
       Frozen Ramparts   |       |     1 |     3 ||     4
  Use: Scroll            |     3 |     6 |     3 ||    12
       Potion            |     2 |     2 |     7 ||    11
 Stab: Sleeping          |     4 |     6 |     1 ||    11
Armor: Robe              |     5 |    24 |    15 ||    44
       Skin              |       |       |     6 ||     6
Dodge: Dodged            |    49 |    72 |    72 ||   193

Table legend: (Time is in decaauts)
 A = Elapsed time spent in this place.
 B = Non-inter-level travel time spent in this place.
 C = Inter-level travel time spent in this place.
 D = Time resting spent in this place.
 E = Time spent auto-exploring this place.
 F = Levels seen in this place.
 G = Mean time per level.
                   A        B        C        D        E       F      G
               +--------+--------+--------+--------+--------+-----+--------+
         Total |   6260 |   6149 |    111 |   2360 |   2652 |   5 | 1252.0 |
       Dungeon |   6260 |   6149 |    111 |   2360 |   2652 |   5 | 1252.0 |
               +--------+--------+--------+--------+--------+-----+--------+

Top non-repeatable levels by time:
     D:5: 2295 daAuts
     D:3: 1439 daAuts
     D:4: 1006 daAuts
     D:2: 839 daAuts
     D:1: 679 daAuts
